Map: Acropolis LE

Players

Erik - Winner!

  • Race: Zerg Zerg
  • Spawn Location: 11:00

SaLemandr

  • Race: Terran Terran
  • Spawn Location: 5:00

Event: 2019 WCS Summer

VOD

Have the link to the VOD?

Description

Time

  • Played on: July 12, 2019, 7:05 a.m.
  • Length: 9:53

All games in this series

Show
View Real Time Build Order
Export as new Build Order

Erik Zerg - Winner!

Build Orders: Hatch First, Muta Ling Bane 

Get SALT Encoding   

  12  0:01  Drone  
  13  0:08  Drone  
  14  0:15  Drone, Extractor  
  15  0:22  Overlord  
  15  0:44  Hatchery  
  15  0:46  Drone  
  15  0:51  Drone  
  15  0:55  Drone  
  17  1:08  Spawning Pool  
  16  1:12  Extractor  
  16  1:13  Drone  
  16  1:16  Drone  
  17  1:20  Drone  
  18  1:31  Drone  
  19  1:55  Queen x2  
  19  1:56  Zergling x2  
  19  1:58  Zergling x4  
  26  2:02  Overlord  
  26  2:07  Drone  
  27  2:12  Metabolic Boost  
  27  2:14  Drone  
  28  2:21  Drone  
  29  2:26  Drone  
  29  2:36  Hatchery  
  28  2:42  Drone x2  
  30  2:45  Drone  
  30  2:48  Overlord  
  31  2:52  Drone  
  31  2:58  Queen  
  34  3:04  Drone  
  34  3:05  Drone  
  36  3:07  Drone  
  36  3:08  Drone  
  36  3:10  Drone  
  36  3:12  Drone  
  40  3:14  Drone  
  41  3:23  Overlord  
  41  3:24  Drone  
  42  3:33  Zergling x4  
  44  3:41  Queen, Overlord  
  44  3:42  Drone x2  
  44  3:44  Drone  
  44  3:48  Queen  
  49  3:52  Zergling x4  
  49  3:55  Zergling x2  
  54  3:58  Extractor, Baneling Nest  
  54  3:59  Lair  
  54  4:01  Drone x2  
  54  4:10  Overlord  
  54  4:11  Drone x4  
  54  4:15  Drone, Extractor  
  54  4:17  Overlord  
  58  4:28  Queen  
  58  4:29  Drone x4  
  64  4:32  Zergling x2  
  64  4:33  Zergling x2  
  64  4:37  Zergling x2  
  67  4:42  Zergling x4  
  67  4:44  Drone x4  
  73  4:46  Extractor  
  73  4:50  Drone, Evolution Chamber  
  73  4:51  Drone  
  73  4:53  Drone  
  73  4:56  Overlord  
  74  5:02  Spire  
  74  5:05  Baneling  
  74  5:06  Baneling x4  
  73  5:13  Drone  
  74  5:14  Overlord  
  74  5:16  Drone x3, Extractor x2  
  74  5:19  Baneling  
  75  5:22  Drone x3  
  75  5:27  Zergling x8  
  82  5:33  Overlord  
  78  5:44  Zerg Melee Weapons Level 1  
  78  5:45  Queen x2  
  78  5:49  Overlord  
  82  5:51  Queen  
  82  5:56  Overlord  
  83  6:15  Mutalisk x7  
  96  6:18  Drone x6  
  96  6:23  Drone x2  
  104  6:26  Drone  
  104  6:27  Drone  
  104  6:28  Overlord  
  104  6:32  Roach Warren  
  105  6:36  Drone  
  105  6:38  Drone, Evolution Chamber  
  106  6:42  Overlord  
  106  6:50  Overlord  
  106  6:52  Drone x2  
  108  6:56  Baneling x2  
  108  6:57  Zergling x4  
  108  6:58  Zergling x6  
  108  7:00  Overlord  
  113  7:03  Infestation Pit  
  113  7:04  Drone x2  
  114  7:15  Hatchery  
  110  7:18  Drone  
  110  7:19  Drone x2  
  107  7:26  Drone  
  107  7:27  Drone  
  107  7:36  Glial Reconstitution  
  105  7:38  Drone x3  
  105  7:39  Roach x7  
  122  7:46  Baneling  
  122  7:48  Hatchery  
  117  7:53  Centrifical Hooks  
  117  7:56  Roach x3  
  123  7:58  Pathogen Glands  
  122  8:09  Roach  
  122  8:10  Roach x6  
  134  8:23  Roach x4  
  132  8:33  Baneling  
  132  8:34  Baneling x10  
  122  8:36  Hive  
  122  8:38  Roach  
  122  8:39  Roach x6, Nydus Network  
  131  8:51  Zergling x12  
  132  9:05  Overlord  
  132  9:09  Zergling x22  
  140  9:11  Extractor  
  140  9:16  Extractor  
  130  9:21  Drone x4  
  134  9:25  Nydus Canal  
  134  9:28  Roach x2  
Show
View Real Time Build Order
Export as new Build Order

SaLemandr Terran 

Build Orders: Hellion Opening, Reaper Expand 

Get SALT Encoding   

  12  0:00  SCV  
  13  0:12  SCV  
  14  0:17  Supply Depot  
  14  0:25  SCV  
  15  0:38  SCV  
  15  0:40  Barracks  
  16  0:42  Refinery  
  16  0:50  SCV  
  17  1:02  SCV  
  18  1:14  SCV  
  19  1:27  Orbital Command, Reaper  
  20  1:40  Command Center  
  20  1:48  Supply Depot  
  20  1:52  SCV  
  21  1:59  Marine  
  22  2:04  SCV  
  23  2:08  Factory  
  23  2:17  SCV  
  23  2:18  Refinery  
  23  2:21  Barracks Reactor  
  24  2:29  SCV  
  25  2:41  SCV  
  26  2:52  Orbital Command  
  26  2:53  SCV, Starport  
  27  3:02  Hellion  
  27  3:03  Hellion  
  27  3:05  Barracks Tech Lab, SCV  
  32  3:17  SCV  
  34  3:20  SCV  
  34  3:24  Hellion x2  
  34  3:25  Supply Depot  
  38  3:29  SCV  
  39  3:36  Viking  
  39  3:40  SCV  
  42  3:41  SCV  
  42  3:45  Hellion  
  42  3:47  Hellion  
  47  3:52  Supply Depot  
  47  3:53  SCV  
  47  3:55  SCV  
  49  4:06  SCV  
  49  4:07  SCV, Hellion  
  53  4:13  Raven  
  53  4:14  Hellion  
  53  4:15  Supply Depot  
  57  4:18  SCV  
  57  4:22  SCV  
  59  4:27  Barracks Reactor  
  59  4:28  Command Center  
  59  4:30  SCV  
  60  4:34  SCV  
  60  4:37  Hellion  
  63  4:39  Supply Depot  
  63  4:41  Hellion  
  63  4:42  SCV  
  66  4:47  SCV  
  67  4:54  SCV  
  67  4:57  Factory x2  
  67  4:59  SCV  
  69  5:06  SCV  
  70  5:12  SCV  
  70  5:14  Refinery, Barracks Tech Lab  
  71  5:15  Refinery  
  71  5:17  Hellion x2  
  71  5:18  SCV  
  76  5:24  SCV  
  76  5:28  Liberator x2  
  77  5:29  Supply Depot  
  77  5:30  SCV, Supply Depot  
  78  5:40  SCV  
  78  5:42  SCV, Hellion x2  
  91  5:51  Mag-Field Accelerator  
  91  5:52  Orbital Command  
  91  5:55  SCV  
  91  5:58  Cyclone  
  91  6:00  SCV  
  95  6:08  SCV  
  96  6:12  SCV, Cyclone  
  96  6:13  Liberator  
  100  6:21  SCV  
  100  6:23  Orbital Command  
  100  6:24  SCV  
  102  6:31  Cyclone  
  108  6:34  SCV  
  108  6:35  Refinery  
  108  6:38  Refinery  
  109  6:42  Supply Depot  
  109  6:44  SCV  
  109  6:45  Hellion x2  
  114  6:47  Factory  
  114  6:48  SCV  
  114  6:54  SCV  
  116  6:57  Cyclone  
  119  7:02  Factory  
  119  7:11  Viking  
  119  7:12  Engineering Bay  
  119  7:14  Widow Mine x2, SCV  
  122  7:16  SCV  
  122  7:19  SCV  
  119  7:27  SCV  
  119  7:28  SCV  
  117  7:31  SCV  
  108  7:39  SCV  
  108  7:40  SCV  
  106  7:46  Viking x2  
  106  7:48  Missile Turret  
  111  7:51  SCV x2  
  111  7:52  Missile Turret, SCV  
  111  7:55  Factory Tech Lab  
  113  8:01  Missile Turret  
  113  8:02  Missile Turret  
  113  8:03  SCV x2  
  113  8:04  SCV  
  116  8:07  Infernal Pre-Igniter  
  116  8:08  Cyclone  
  116  8:09  Hellion x2  
  116  8:10  Cyclone  
  126  8:15  SCV  
  117  8:31  SCV  
  117  8:33  Hellion x2, Cyclone  
  96  8:34  Factory Reactor  
  96  8:40  Siege Tank, Missile Turret  
  96  8:41  Missile Turret  
  97  8:45  Armory, SCV  
  98  8:52  Siege Tank  
  98  8:54  Hellion  
  98  8:55  Hellion  
  78  9:07  Cyclone  
  76  9:12  Command Center, Hellion  
  71  9:17  SCV  
  71  9:22  Hellion  
  71  9:23  SCV, Hellion  
  70  9:32  SCV  
Tags
 
Add a new tag
Caveats
  • Supply blocks, unpowered buildings, or Contaminate may cause inaccurate times.
  • Supply counts are checked every 10 seconds.